 Dungeon Crawl Stone Soup version 0.31.0-9-g3a7656b989 (webtiles) character file.

Game seed: 14187104773393033997

445 qw the Shooter (level 6, 0/30 HPs)
             Began as a Spriggan Hunter on Feb 2, 2024.
             Slain by an orc
             ... wielding a +0 dagger
              (1 damage)
             ... on level 5 of the Dungeon.
             The game lasted 00:00:13 (3794 turns).

qw the Shooter (Spriggan Hunter)                    Turns: 3794, Time: 00:00:14

Health: 0/30       AC:  2    Str: 11    XL:     6   Next: 72%
Magic:  7/7        EV: 21    Int: 10    God:
Gold:   213        SH:  0    Dex: 21    Spells: 5/5 levels left

rFire   . . .        a - +1 shortbow
rCold   . . .        (shield currently unavailable)
rNeg    . . .        c - +0 robe
rPois   .            (helmet restricted)
rElec   .            (no cloak)
rCorr   .            (gloves unavailable)
SInv    +            (boots unavailable)
Will    ++...        (no amulet)
Stlth   ++           l - +6 ring of strength
HPRegen 0.25/turn    (no ring)
MPRegen 0.10/turn

%: no passive effects
@: very quick
A: very small, no large weapons, unfitting armour, see invisible, speed 3,
strong-willed 1, weak 1
a: no special abilities


You were on level 5 of the Dungeon.
You visited 1 branch of the dungeon, and saw 5 of its levels.

You collected 213 gold pieces.


Innate Abilities, Weirdness & Mutations

You are very small and have problems with some larger weapons.
You are too small for most types of armour.
You have supernaturally acute eyesight. (SInv)
You cover ground extremely quickly. (Speed+++)
You are strong-willed. (Will+)
You are weak. (Str -2)


   Skills:
 - Level 2.0 Fighting
 + Level 6.8 Ranged Weapons
 - Level 6.0 Dodging
 - Level 1.5 Stealth


You had 5 spell levels left.
You didn't know any spells.
Your spell library was empty.

Inventory:

Hand Weapons
 a - a +1 shortbow (weapon)
Armour
 c - a +0 robe (worn)
Jewellery
 l - a +6 ring of strength (left hand)
Wands
 g - a wand of iceblast (7)
 k - a wand of digging (7)
 m - a wand of paralysis (5)
Potions
 b - a potion of resistance {unknown}
 d - a potion of curing {unknown}
 e - a potion of invisibility {unknown}
 f - a potion of cancellation
 h - a potion of magic {unknown}
 i - a potion of mutation
 j - a potion of haste {unknown}
 n - a potion of enlightenment {unknown}

Dungeon Overview and Level Annotations

Branches:
Dungeon (5/15)
 Temple: D:4-7

Altars:
Dithmenos
Yredelemnul
The Shining One


Message History

The sleepcap is lightly damaged.
The orc priest begins to cast a cantrip, but forgets the words!
You shoot an arrow. The arrow hits the sleepcap.
The sleepcap is lightly damaged.
A shadow imp comes into view.
You shoot an arrow. The arrow hits the sleepcap!
The sleepcap is heavily damaged.
The sleepcap releases spores at you!
You are engulfed in a cloud of soporific spores!
You fall asleep.
The orc priest looks encouraged for a moment.
The sleepcap releases spores at you.
You wake up.
The shadow imp picks up a beetle and eats it.
You shoot an arrow. The arrow hits the sleepcap.
The sleepcap is severely damaged.
The orc priest miscasts a cantrip.
The orc barely misses you. The sleepcap completely misses you.
The shadow imp grins evilly.
You shoot an arrow. The arrow hits the sleepcap!
The sleepcap is almost destroyed.
The sleepcap misses you.
You shoot an arrow.
The arrow hits the sleepcap but does no damage.
The sleepcap is almost destroyed.
The orc misses you. The orc closely misses you. The sleepcap misses you.
You shoot an arrow.
The arrow hits the sleepcap but does no damage.
The sleepcap is almost destroyed.
The orc priest looks braver for a moment.
The orc hits you with a +0 dagger. The orc completely misses you.
The sleepcap releases spores at you.
You are engulfed in a cloud of soporific spores!
You fall asleep.
The orc barely misses you. The sleepcap releases spores at you!
You wake up.
You are engulfed in a cloud of soporific spores!
You are unaffected.
The orc hits you with a +0 whip.
You shoot an arrow. The arrow hits the sleepcap.
You destroy the sleepcap!
The orc hits you with a +0 whip. The orc hits you with a +0 dagger.
You die...

####.## #.# .# #.#
#.##.# #.# #.##.# ##'##
#.##.# ##...# # ##.##.#
##..... #.##...#.##
##......
#.##..oo.....####.......
...).5o@........+.......
......##.#...####....<..
#.### #.##.## ##......
#.#### ##..... #.#
##...# #.# ##'## #.#
#... #.# #######... #.#
#.........


You could see an orc priest, a shadow imp and 2 orcs.

Vanquished Creatures
  2 phantoms (D:4)
  A hound (D:5)
  3 orc priests (D:4)
  A sleepcap (D:5)
  Ijyb (D:3)
  An orc wizard (D:3)
  3 adders
  2 dart slugs
  3 ribbon worms
  19 orcs
  3 ball pythons
  3 bats
  4 endoplasms
  2 giant cockroaches (D:1)
  8 hobgoblins
  4 jackals (D:3)
  A quokka (D:1)
  A frilled lizard (D:1)
  9 goblins
  6 kobolds
  6 rats
83 creatures vanquished.

Notes
Turn   | Place    | Note
-------+----------+-------------------------------------------
     0 | D:1      | qw the Spriggan Hunter began the quest for the Orb.
     0 | D:1      | Reached XP level 1. HP: 10/10 MP: 2/2
     0 | D:1      | Noticed a shadow dragon
     0 | D:1      | 0 ||| qw: Version: 0.3-a-155-g5e7d8dd
     0 | D:1      | 0 ||| qw: Game counter: 2798
     0 | D:1      | 0 ||| qw: Melee chars always use a shield: true
     0 | D:1      | 0 ||| qw: God list: Okawaru
     0 | D:1      | 0 ||| qw: Allow faded altars: false
     0 | D:1      | 0 ||| qw: Do Orc after clearing Dungeon:15 true
     0 | D:1      | 0 ||| qw: Do second Lair branch before Depths: true
     0 | D:1      | 0 ||| qw: Lair rune preference: random
     0 | D:1      | 0 ||| qw: Goals: Normal
     0 | D:1      | 0 ||| PLANNING D:1-11
     1 | D:1      | Noticed a black draconian
     4 | D:1      | Noticed an ice dragon
     4 | D:1      | Noticed a tentacled monstrosity
     7 | D:1      | Noticed an orb of fire
     8 | D:1      | Noticed a shadow dragon
    11 | D:1      | Noticed an ice dragon
    11 | D:1      | Noticed a black draconian
    13 | D:1      | Noticed a black draconian
    15 | D:1      | Noticed a tentacled monstrosity
    15 | D:1      | Noticed a tentacled monstrosity
    15 | D:1      | Noticed a tentacled monstrosity
    19 | D:1      | Noticed a shadow dragon
    19 | D:1      | Noticed a purple draconian
    21 | D:1      | Noticed an orb of fire
    44 | D:1      | Reached skill level 3 in Dodging
   220 | D:1      | Reached XP level 2. HP: 14/14 MP: 3/3
   281 | D:1      | Found a faded altar of an unknown god.
   487 | D:1      | 487 ||| READING scroll labelled QAELEIRAHYR.
   488 | D:1      | 488 ||| READING scroll labelled XOQURE MEXOHEEFU.
   489 | D:1      | 489 ||| READING 2 scrolls labelled MOXUDW UPREXT.
   489 | D:1      | 489 ||| IDENTIFYING fizzy cyan potion
   490 | D:1      | 490 ||| READING scroll of identify.
   490 | D:1      | 490 ||| IDENTIFYING silvery potion
   491 | D:1      | 491 ||| READING scroll labelled IGI JOSIEMP.
   491 | D:1      | 491 ||| ENCHANTING +0 shortbow.
   492 | D:1      | 492 ||| READING scroll labelled XAHEUJ GUOXT.
   492 | D:1      | 492 ||| ENCHANTING +0 shortbow.
   493 | D:1      | 493 ||| DROPPING scroll of butterflies.
   494 | D:1      | 494 ||| DROPPING potion of lignification.
   495 | D:1      | 495 ||| DROPPING potion of brilliance.
   661 | D:2      | Reached XP level 3. HP: 18/18 MP: 4/4
  1013 | D:2      | 1013 ||| DRINKING 3 murky emerald potions.
  1013 | D:2      | Gained mutation: You sometimes lose your temper in combat.
                  | [potion of mutation]
  1013 | D:2      | Gained mutation: You are weak. (Str -2) [potion of
                  | mutation]
  1013 | D:2      | Gained mutation: You are robust. (+10% HP) [potion of
                  | mutation]
  1013 | D:2      | Gained mutation: You have sharp fingernails. [potion of
                  | mutation]
  1016 | D:2      | 1016 ||| DRINKING 2 potions of mutation.
  1016 | D:2      | Lost mutation: You sometimes lose your temper in combat.
                  | [potion of mutation]
  1016 | D:2      | Lost mutation: You have sharp fingernails. [potion of
                  | mutation]
  1016 | D:2      | Lost mutation: You are robust. (+10% HP) [potion of
                  | mutation]
  1016 | D:2      | Gained mutation: You are strong-willed. (Will+) [potion of
                  | mutation]
  1107 | D:3      | 1107 ||| FLEEEEING.
  1169 | D:3      | Noticed Ijyb
  1177 | D:3      | HP: 3/18 [Ijyb/+0 club (3)]
  1179 | D:3      | Killed Ijyb
  1180 | D:3      | Reached XP level 4. HP: 4/22 MP: 5/5
  1652 | D:3      | HP: 5/22 [orc/+0 mace (6)]
  1894 | D:3      | Identified the +3 mace of Armageddon {heavy, rF- Int+8
                  | Stlth+}
  2146 | D:3      | 2146 ||| UPGRADING to +6 ring of strength.
  2147 | D:3      | 2147 ||| READING scroll labelled PEISIT ZUSUENG.
  2148 | D:3      | 2148 ||| DRINKING 2 sapphire potions.
  2249 | D:4      | Reached XP level 5. HP: 26/26 MP: 6/6
  2307 | D:4      | Noticed a phantom
  2308 | D:4      | 2308 ||| ZAPPING wand of iceblast (8) at -2,1 (phantom;
                  | floor).
  2316 | D:4      | Killed a phantom
  2316 | D:4      | Noticed a phantom
  2317 | D:4      | 2317 ||| FLEEEEING.
  2319 | D:4      | 2319 ||| FLEEEEING.
  2332 | D:4      | 2332 ||| FLEEEEING.
  2333 | D:4      | 2333 ||| FLEEEEING.
  2334 | D:4      | 2334 ||| STAIRDANCE
  2531 | D:4      | Reached skill level 6 in Ranged Weapons
  2566 | D:4      | 2566 ||| ZAPPING wand of paralysis (7) at 7,1 (phantom;
                  | floor).
  2568 | D:4      | 2568 ||| ZAPPING wand of paralysis (6) at 7,1 (phantom;
                  | floor).
  2575 | D:4      | Killed a phantom
  2576 | D:4      | Reached XP level 6. HP: 30/30 MP: 7/7
  2667 | D:4      | HP: 3/30 [orc priest/divine providence (11)]
  2669 | D:4      | Reached skill level 6 in Dodging
  2675 | D:4      | 2675 ||| FLEEEEING.
  2676 | D:4      | 2676 ||| FLEEEEING.
  2677 | D:4      | 2677 ||| FLEEEEING.
  2679 | D:4      | 2679 ||| FLEEEEING.
  2780 | D:4      | Found a shadowy altar of Dithmenos.
  2813 | D:4      | 2813 ||| FLEEEEING.
  3277 | D:4      | Found a glowing golden altar of the Shining One.
  3279 | D:4      | Noticed an angel
  3284 | D:4      | Found a basalt altar of Yredelemnul.
  3286 | D:4      | Noticed a profane servitor
  3468 | D:4      | 3468 ||| READING scroll labelled RUHION PURGHI.
  3471 | D:4      | 3471 ||| READING 2 scrolls labelled LAOGHAIRAE.
  3572 | D:4      | 3572 ||| DROPPING scroll of vulnerability.
  3608 | D:5      | Entered Level 5 of the Dungeon
  3793 | D:5      | HP: 7/30 [sleepcap (10)]
  3793 | D:5      | HP: 3/30 [orc/+0 whip (4)]
  3794 | D:5      | HP: 1/30 [orc/+0 whip (2)]
  3794 | D:5      | Slain by an orc

Levels and vault maps discovered:
D:1:      shiori_arrival_whats_in_store_for_you, layout_basic,
          hellmonk_ecumenical_altar_arch_garden
D:2:      layout_basic
D:3:      layout_basic, uniq_ijyb
D:4:      layout_basic, grunt_temple_overflow_holy_war,
          nicolae_dithmenos_shadow_blocks, minmay_misc_feat_columns
D:5:      layout_loops_corners

Skill      XL: |  1  2  3  4  5  6 |
---------------+-------------------+-----
Dodging        | 3 4 5 6 |  6.0
Ranged Weapons | 5 6 |  6.8
Fighting       | 2 |  2.0
Stealth        | |  1.5

Action                     |  1- 3 |  4- 6 || total
---------------------------+-------+-------++-------
   Fire: Shortbow          |   103 |   165 ||   268
  Evoke: Wand              |       |     3 ||     3
    Use: Scroll            |     6 |     3 ||     9
         Potion            |     2 |     1 ||     3
 Armour: Robe              |    10 |    32 ||    42
  Dodge: Dodged            |    22 |    47 ||    69

Table legend:
 A = Non-vault XP
 B = Vault XP
 C = Vault XP percentage of total XP
 D = Non-vault monster count
 E = Vault monster count
 F = Vault count percentage of total count
                 A         B        C        D         E       F
            +---------+---------+-------+---------+---------+-------
      Total |     637 |      35 |   5.2 |      82 |       1 |   1.2
            +---------+---------+-------+---------+---------+-------
        D:1 |      26 |       0 |   0.0 |      16 |       0 |   0.0
        D:2 |      24 |       0 |   0.0 |      16 |       0 |   0.0
        D:3 |     101 |      35 |  25.7 |      19 |       1 |   5.0
        D:4 |     390 |       0 |   0.0 |      23 |       0 |   0.0
        D:5 |      96 |       0 |   0.0 |       8 |       0 |   0.0
            +---------+---------+-------+---------+---------+-------
